 Dungeon Crawl Stone Soup version 0.28.0-45-g0d030f2227 (webtiles) character file.

Game seed: 5357738502061457818

63375 mortz the Zephyrmancer (level 15, -2/84 HPs)
             Began as a Tengu Air Elementalist on Apr 4, 2022.
             Was a High Priest of the Shining One.
             Slain by an ettin
             ... wielding a +0 dire flail
              (37 damage)
             ... on level 1 of the Orcish Mines on Apr 6, 2022.
             The game lasted 04:07:35 (40491 turns).

mortz the Zephyrmancer (Tengu Air Elementalist)    Turns: 40491, Time: 04:07:35

Health: -2/84      AC: 12    Str:  9    XL:     15   Next: 9%
Magic:  15/28      EV: 18    Int: 31    God:    the Shining One [*****.]
Gold:   1281       SH: 12    Dex: 15    Spells: 12/31 levels left

rFire   . . .      SeeInvis +   X - +8 trident (vorpal) {polearm}
rCold   . . .      Faith    .   o - +2 kite shield
rNeg    + + .      Spirit   .   s - +0 troll leather armour
rPois   .          Reflect  .   (helmet restricted)
rElec   +          Harm     .   k - +2 cloak
rCorr   +          Rampage  .   p - +2 pair of gloves
Will    ++...                   (boots unavailable)
Stlth   +.........              i - amulet of the acrobat
HPRegen 1.04/turn               l - +6 ring of intelligence
MPRegen 0.21/turn               M - ring of the Insatiable Souls {rElec Will+ rCorr Int+3 SInv}

@: flying quickly and evasively, glowing, quick
A: beak, talons 3, nimble flight
a: Renounce Religion, Divine Shield, Cleansing Flame, Summon Divine Warrior


You were on level 1 of the Orcish Mines.
You worshipped the Shining One.
The Shining One was extremely pleased with you.
You visited 3 branches of the dungeon, and saw 19 of its levels.
You also visited: Ossuary.

You collected 1932 gold pieces.
You spent 651 gold pieces at shops.


Innate Abilities, Weirdness & Mutations

You have a beak for a mouth.
You have claws for feet.
Your magical nature lets you fly swiftly and evasively.


   Skills:
 + Level 5.7 Fighting
 + Level 0.1 Short Blades
 + Level 6.9 Polearms
 + Level 8.6 Armour
 + Level 10.1 Dodging
 + Level 5.4 Stealth
 + Level 7.5 Shields
 + Level 1.2 Unarmed Combat
 - Level 8.6 Spellcasting
 - Level 5.4 Conjurations
 - Level 3.5 Transmutations
 * Level 4.5 Ice Magic
 - Level 14.0 Air Magic
 - Level 2.9 Earth Magic
 + Level 6.3 Poison Magic
 - Level 9.3 Invocations


You had 12 spell levels left.
You knew the following spells:

 Your Spells              Type           Power      Damage    Failure   Level
a - Shock                 Conj/Air       100%       1d9       1%          1
b - Static Discharge      Conj/Air       65%        N/A       1%          2
c - Swiftness             Air            79%        N/A       1%          3
d - Airstrike             Air            39%        N/A       1%          4
e - Poisonous Vapours     Pois/Air       100%       N/A       1%          2
f - Passwall              Tmut/Erth      27%        N/A       4%          2
g - Freezing Cloud        Conj/Ice/Air   29%        6-21      13%         5

Your spell library contained the following spells:

 Spells                   Type           Power      Damage    Failure   Level
 Corpse Rot               Necr/Air       100%       N/A       1%          2
 Sandblast                Erth           62%        2d14      3%          1
 Ozocubu's Armour         Ice            41%        N/A       6%          3
 Stone Arrow              Conj/Erth      78%        3d11      7%          3
 Dazzling Flash           Conj/Hex       60%        N/A       12%         3
 Silence                  Hex/Air        27%        N/A       19%         5
 Call Canine Familiar     Summ           13%        N/A       36%         3
 Gell's Gravitas          Tloc           13%        N/A       36%         3
 Lesser Beckoning         Tloc           13%        N/A       36%         3
 Portal Projectile        Hex/Tloc       26%        N/A       36%         3
 Teleport Other           Tloc           13%        N/A       36%         3
 Irradiate                Conj/Tmut      20%        3d20      50%         5
 Leda's Liquefaction      Hex/Erth       11%        N/A       56%         4
 Blade Hands              Tmut           17%        N/A       63%         5
 Metabolic Englaciation   Hex/Ice        13%        N/A       80%         5
 Agony                    Necr           13%        N/A       98%         5
 Iron Shot                Conj/Erth      19%        9d4       98%         6
 Dispersal                Tloc           6%         N/A       100%        6
 Simulacrum               Ice/Necr       13%        N/A       100%        6
 Dragon Form              Tmut           17%        N/A       100%        7

Inventory:

Hand Weapons
 n - a +0 long sword of freezing {long}
   (You took it off an orc warrior on level 11 of the Dungeon)
 R - a +3 war axe of freezing {axe}
   (You took it off a wight on level 9 of the Dungeon)
 X - a +8 vorpal trident (weapon) {polearm}
   (You took it off a gnoll sergeant on level 10 of the Dungeon)
Missiles
 q - 7 poisoned darts {throwing}
Armour
 k - a +2 cloak (worn)
   (You found it on level 3 of the Dungeon)
 o - a +2 kite shield (worn)
   (You found it on level 5 of the Lair of Beasts)
 p - a +2 pair of gloves (worn)
   (You found it on level 3 of the Dungeon)
 s - a +0 troll leather armour (worn)
   (You found it on level 12 of the Dungeon)
 D - a +2 leather armour of cold resistance
   (You took it off Duvessa on level 6 of the Dungeon)
 K - a +2 robe of resistance
   (You took it off Dowan on level 6 of the Dungeon)
 L - a +1 robe of cold resistance
   (You took it off Fannar on level 10 of the Dungeon)
 S - a +0 plate armour of cold resistance
   (You took it off an orc warrior on level 9 of the Dungeon)
 V - +0 steam dragon scales
   (You found it on level 9 of the Dungeon)
Jewellery
 b - a ring of ice
   (You took it off Fannar on level 10 of the Dungeon)
 c - a ring of fire
   (You found it on level 7 of the Dungeon)
 e - a +4 ring of protection
   (You found it on level 7 of the Dungeon)
 g - a +4 ring of evasion
   (You found it on level 8 of the Dungeon)
 h - a +4 ring of protection
   (You found it on level 4 of the Dungeon)
 i - an amulet of the acrobat (around neck)
   (You found it on level 2 of the Dungeon)
 l - a +6 ring of intelligence (left hand)
   (You found it on level 4 of the Lair of Beasts)
 t - a ring of protection from fire
   (You found it on level 11 of the Dungeon)
 v - a +4 ring of slaying
   (You found it on level 5 of the Lair of Beasts)
 w - a ring of ice
   (You found it on level 12 of the Dungeon)
 H - a ring of willpower
   (You found it on level 5 of the Dungeon)
 J - a ring of ice
   (You found it on level 5 of the Dungeon)
 M - the ring of the Insatiable Souls (right hand) {rElec Will+ rCorr Int+3 SInv}
   (You bought it in a shop on level 6 of the Dungeon)

   [ring of see invisible]

   Int:       It affects your intelligence (+3).
   rElec:     It insulates you from electricity.
   SInv:      It lets you see invisible.
   rCorr:     It protects you from acid and corrosion.
   Will:      It increases your willpower.
 W - a ring of fire
   (You found it on level 6 of the Lair of Beasts)
Wands
 f - a wand of acid (7)
   (You found it on level 5 of the Lair of Beasts)
 u - a wand of digging (14)
   (You found it on level 1 of the Lair of Beasts)
 x - a wand of iceblast (4)
   (You found it on level 5 of the Dungeon)
 z - a wand of flame (65)
   (You found it on level 5 of the Dungeon)
 A - a wand of paralysis (13)
   (You found it on level 4 of the Dungeon)
 G - a wand of mindburst (9)
   (You found it on level 2 of the Lair of Beasts)
 T - a wand of polymorph (13)
   (You found it on level 9 of the Dungeon)
Scrolls
 a - 3 scrolls of fog
 y - a scroll of immolation {!r!r}
 B - 2 scrolls of summoning
 E - 3 scrolls of vulnerability {!r!r}
 I - 6 scrolls of enchant weapon
 N - 4 scrolls of teleportation {@r4}
 Z - a scroll of silence {!r}
Potions
 j - 4 potions of lignification {!q}
 m - 5 potions of invisibility
 r - 4 potions of curing {@q1}
 C - 2 potions of magic
 F - 3 potions of attraction {!q}
 O - 3 potions of mutation {!q}
 Q - a potion of ambrosia
 U - a potion of brilliance
 Y - a potion of berserk rage {!q}

Dungeon Overview and Level Annotations

Branches:
Dungeon (12/15)            Temple (0/1) D:5            Lair (6/6) D:8
  Swamp (0/4) Lair:4        Snake (0/4) Lair:3        Slime (0/5) Lair:5
    Orc (1/2) D:9         Ossuary (visited)

Altars:
Cheibriados
Dithmenos
Elyvilon
Fedhas
Nemelex Xobeh
Qazlal
Ru
Sif Muna
Vehumet
Wu Jian
Xom
The Shining One
Beogh

Shops:
D:6 =

Annotations:
D:1 2 exclusions
D:6 3 runed translucent doors, mrw3rdna's ghost, novice OgFE
D:7 1 runed translucent door, Crazy Yiuf
D:8 1 runed translucent door, terff's ghost, journeyman OpBr
D:9 exclusion: statue
D:11 Nergalle
Lair:2 3 runed translucent doors, exclusion: oklob plant, Pogiss's ghost, adept KoBr
Lair:5 exclusion: 3 oklob plants

#........#
###..)).)).####
#.......#...#.##
##......###..$..#
#......#####)...#
#.#.....#[.[....#
###..........##
#...))C.#...#
##..[@..##.##
#...[)### ##
##...## #####


You could see an ettin (extremely poisoned).


Message History

You lost 2 mp, and now have 1/28 mp.
You start resting.
An ettin comes into view.
It is wielding two +0 dire flails. 😎 MP[+9]
You regained 9 mp, and now have 10/28 mp.
Things that are here:
a +0 long sword {long}; a +0 plate armour; an orc corpse An orc comes into view.
It is wielding a +0 flail.
The ettin shouts in stereo!
You hear a shout!
You see here a +0 flail {mace}.
The orc shouts!
An orc comes into view. It is wielding a +0 dagger. 😎 MP[+1]
An orc wizard comes into view. It is wielding a +0 dagger.
The orc wizard shouts!
The orc wizard gestures wildly while chanting.
The orc wizard flickers and vanishes for a moment.
You block the orc's attack.
Casting: Static Discharge (safe; 1% risk of failure)
Confirm with . or Enter, or press ? or * to list all spells.
The orc is struck by an arc of lightning!
You kill the orc!
The lightning grounds out.
The orc is struck by an arc of lightning!
You kill the orc!
You resist.
You are struck by an arc of lightning. 😎 MP[-2]
You lost 2 mp, and now have 9/28 mp.
Things that are here:
a +0 dagger {short}; a +0 leather armour; 17 gold pieces You block the orc wizard's attack.
Casting: Static Discharge (safe; 1% risk of failure)
Confirm with . or Enter, or press ? or * to list all spells.
The orc wizard is struck by an arc of lightning.
You resist.
You are struck by an arc of lightning.
The lightning grounds out.
You block the orc wizard's attack. 😎 MP[-1]
You lost 1 mp, and now have 8/28 mp.
Casting: Static Discharge (safe; 1% risk of failure)
Confirm with . or Enter, or press ? or * to list all spells.
The orc wizard is struck by an arc of lightning!
You kill the orc wizard!
You resist.
You are struck by an arc of lightning. 😎 MP[-2]
You lost 2 mp, and now have 6/28 mp. 😎 MP[+1]
Things that are here:
a +0 giant spiked club {mace}; an ogre corpse
There is a staircase back to the Dungeon here.
You fly upwards.
Welcome back to the Dungeon!
Level annotation: exclusion: statue
There is a staircase to the Orcish Mines here.
You start resting. 😎 MP[+21]
Your mp is fully restored (28).
You fly downwards.
Welcome back to the Orcish Mines!
The ettin completely misses you. The ettin closely misses you. x2
The ettin hits you with a +0 dire flail!!
There is a staircase back to the Dungeon, spattered with blood here. 😮 HP[-32]
You take 32 damage, and now have 52/84 hp.
MASSIVE DAMAGE!! (PAUSE)
Casting: Static Discharge (safe; 1% risk of failure)
Confirm with . or Enter, or press ? or * to list all spells.
Aiming: Poisonous Vapours (safe; 1% risk of failure)
Press: ? - help, Dir - move target, f - ettin
Aim: an ettin, wielding two +0 dire flails (haloed) Poisonous vapours surround the ettin!
The ettin looks as sick as possible!
You block the ettin's attack.
The ettin closely misses you. 😮 HP[+1] MP[-2]
You lost 2 mp, and now have 26/28 mp.
Aiming: Airstrike (safe; 1% risk of failure)
Press: ? - help, Q - select action, (/) - cycle Dir - move target, f/p - ettin
Aim: an ettin, wielding two +0 dire flails (lightly wounded, extremely poisoned, haloed, empty space bonus: 7/8)
The air twists around and strikes the ettin!
The ettin misses you.
You block the ettin's attack. 😮 HP[+1] MP[-4]
You lost 4 mp, and now have 22/28 mp.
Aiming: Airstrike (safe; 1% risk of failure)
Press: ? - help, Q - select action, (/) - cycle Dir - move target, f/p - ettin
Aim: an ettin, wielding two +0 dire flails (moderately wounded, extremely poisoned, haloed, empty space bonus: 7/8)
The air twists around and strikes the ettin!
The ettin closely misses you.
You block the ettin's attack. 😮 HP[+1] MP[-4]
You lost 4 mp, and now have 18/28 mp.
Aiming: Airstrike (safe; 1% risk of failure)
Press: ? - help, Q - select action, (/) - cycle Dir - move target, f/p - ettin
Aim: an ettin, wielding two +0 dire flails (heavily wounded, extremely poisoned, haloed, empty space bonus: 7/8)
The air twists around and strikes the ettin!!
The ettin hits you with a +0 dire flail!!
* * * LOW HITPOINT WARNING * * *
The ettin hits you with a +0 dire flail!!
* * * LOW HITPOINT WARNING * * *
😱 HP[-48] MP[-4]
You take 48 damage, and now have 7/84 hp.
MASSIVE DAMAGE!! (PAUSE)
You lost 4 mp, and now have 14/28 mp.
You feel much better.
The ettin hits you with a +0 dire flail!!!
You die...

Skill      XL: |  1  2  3  4  5  6  7  8  9 10 11 12 13 14 |
---------------+-------------------------------------------+-----
Conjurations   | 2 3 4 5 |  5.4
Air Magic      | 5 6 7 9 11 12 14 | 14.0
Spellcasting   | 3 4 5 7 8 |  8.6
Poison Magic   | 2 4 6 |  6.3
Armour         | 1 2 3 5 7 8 |  8.6
Stealth        | 3 4 5 |  5.4
Dodging        | 3 4 6 7 9 10 | 10.1
Invocations    | 3 6 7 9 |  9.3
Fighting       | 1 3 4 5 |  5.7
Polearms       | 2 5 6 |  6.9
Shields        | 1 4 6 7 |  7.5
Ice Magic      | 1 4 |  4.5
Transmutations | 2 3 |  3.5
Earth Magic    | 1 2 |  2.9
Unarmed Combat | 1 |  1.2
Short Blades   | |  0.1

Action                   |  1- 3 |  4- 6 |  7- 9 | 10-12 | 13-15 || total
-------------------------+-------+-------+-------+-------+-------++-------
Melee: Dagger            |     1 |       |    16 |     9 |       ||    26
       Mace              |       |     6 |       |       |       ||     6
       Peck              |       |     2 |     4 |    10 |     6 ||    22
       Kick              |       |       |     7 |    14 |    17 ||    38
       Trident           |       |       |       |    34 |    51 ||    85
       Unarmed           |       |       |       |       |     8 ||     8
 Cast: Shock             |    63 |    93 |    46 |    84 |    35 ||   321
       Static Discharge  |       |    14 |    25 |   149 |   107 ||   295
       Airstrike         |       |       |   101 |   288 |   389 ||   778
       Poisonous Vapours |       |       |       |       |    79 ||    79
Invok: Divine Shield     |       |       |       |       |     1 ||     1
Evoke: Wand              |       |       |       |       |     1 ||     1
  Use: Scroll            |       |     8 |     3 |    13 |    17 ||    41
       Potion            |       |     1 |     1 |     2 |     6 ||    10
Armor: Robe              |     1 |     1 |     4 |       |       ||     6
       Leather armour    |       |       |     5 |    78 |    66 ||   149
       Plate armour      |       |       |       |     7 |       ||     7
       Troll leather arm |       |       |       |       |     6 ||     6
Dodge: Dodged            |     8 |    13 |    30 |   201 |   171 ||   423
Block: Kite shield       |       |       |       |    76 |   164 ||   240

Levels and vault maps discovered:
D:1:      dpeg_arrival_caged_fury, layout_basic
D:2:      layout_loops_cross, serial_bayou, serial_bayou_lake_a,
          serial_bayou_shore_a, serial_bayou_ford_a, serial_bayou_pond_e,
          minmay_misc_feat_alley, uniq_terence
D:3:      layout_loops_ring, mainiacjoe_overflow_alcove_4, st_stairs_14,
          minmay_fountain_box, minmay_tree_intersection, uniq_sigmund
D:4:      layout_gridville, kennysheep_mini_moat, minmay_diced_spiral
D:5:      layout_gridville, minmay_temple_entry_mist, minivault_24,
          minmay_joined_circles, uniq_ijyb
D:6:      layout_layer_cave, old_standard_altar, gammafunk_ghost_necromancy,
          nicolae_shop_unique_rings, uniq_edmund, uniq_duvessa,
          uniq_prince_ribbit1
D:7:      layout_loops_ring, kennysheep_slug_shrine, old_standard_altar,
          nicolae_dithmenos_shadow_blocks, grunt_qazlal_clouds,
          gammafunk_ghost_icy, uniq_crazy_yiuf_cottage, uniq_pikel
D:8:      layout_rooms, erik_lair_island, ebering_ghost_xom,
          nicolae_ossuary_entry_monument
D:9:      layout_roguey, vehumet_statue, amcnicky_altar_gilded, david_orc_5,
          minivault_25
D:10:     layout_basic, nemelex_spade_bored_becter, marbit_many_paths,
          uniq_fannar
D:11:     layout_loops_ring, ebering_ghost_disaster_area, hangedman_decor_push,
          elyvilon_altar_5, uniq_nergalle
D:12:     layout_cave_pools, gauntlet_entry_generic
Lair:1:   layout_regular_city, grunt_megastairs_4
Lair:2:   minmay_lair_oklob_chamber, layout_chaotic_city,
          ebering_ghost_rock_garden
Lair:3:   layout_concentric_octagons, guppyfry_snake_entry_island, uniq_rupert
Lair:4:   layout_gridlike, swamp_mist_pool, serial_bayou_shore_b
Lair:5:   nzn_winding_woodlands_medium [nzn_winding_woodlands_5x5_perimeter,
          nzn_winding_woodlands_5x15_parted,
          nzn_winding_woodlands_5x5_checkerboard,
          nzn_winding_woodlands_5x5_cross,
          nzn_winding_woodlands_center_diamonds,
          nzn_winding_woodlands_5x5_three, nzn_winding_woodlands_hourglass,
          nzn_winding_woodlands_5x15_default,
          nzn_winding_woodlands_5x5_open_star], layout_cave_pods,
          minmay_slime_entry_oklob_open, uniq_kirke
Lair:6:   hangedman_lair_tendril_chambers, layout_gridlike, enter_volcano_2,
          lemuel_fruit_tree
Orc:1:    layout_diamond_mine

Notes
Turn   | Place    | Note
-------+----------+-------------------------------------------
     0 | D:1      | mortz the Tengu Air Elementalist began the quest for the
                  | Orb.
     0 | D:1      | Reached XP level 1. HP: 10/10 MP: 4/4
     0 | D:1      | magus.rc [v1.9.6]
     1 | D:1      | Found a runed translucent door.
   141 | D:1      | You pick up a book of Winter and begin reading...
   141 | D:1      | You add the spells Ozocubu's Armour, Metabolic Englaciation
                  | and Simulacrum to your library.
   238 | D:1      | Reached XP level 2. HP: 15/15 MP: 0/6
   300 | D:1      | Learned a level 2 spell: Static Discharge
   846 | D:1      | Reached XP level 3. HP: 19/19 MP: 3/7
   920 | D:1      | Reached skill level 2 in Conjurations
  1286 | D:2      | Reached skill level 5 in Air Magic
  1286 | D:2      | Noticed Terence
  1353 | D:2      | HP: 4/19 [gnoll/+0 spear (9)]
  1354 | D:2      | HP: 1/19 [gnoll/+0 spear (3)]
  1704 | D:1      | Reached XP level 4. HP: 24/24 MP: 2/8
  1792 | D:2      | Reached skill level 3 in Conjurations
  2431 | D:2      | Killed Terence
  2432 | D:2      | Reached skill level 3 in Spellcasting
  2432 | D:2      | Gained mutation: Your magical nature lets you fly swiftly
                  | and evasively. [Tengu growth]
  2432 | D:2      | Reached XP level 5. HP: 28/28 MP: 3/10
  3017 | D:2      | Learned a level 3 spell: Swiftness
  3022 | D:2      | Learned a level 4 spell: Airstrike
  3530 | D:3      | Noticed Sigmund
  3638 | D:3      | Killed Sigmund
  3639 | D:3      | Reached skill level 6 in Air Magic
  3639 | D:3      | Reached XP level 6. HP: 29/32 MP: 5/12
  3867 | D:3      | You pick up a book of Displacement and begin reading...
  3867 | D:3      | You add the spells Lesser Beckoning, Gell's Gravitas and
                  | Teleport Other to your library.
  4174 | D:3      | Found a glowing golden altar of the Shining One.
  4177 | D:3      | Reached skill level 7 in Air Magic
  4180 | D:3      | Became a worshipper of the Shining One
  4315 | D:4      | Reached skill level 4 in Spellcasting
  4315 | D:4      | Reached XP level 7. HP: 33/36 MP: 3/14
  4390 | D:4      | You are sucked into a shaft and drop 3 floors!
  4512 | D:7      | Noticed Arcturos's ghost (novice DrFi)
  4547 | D:7      | Reached skill level 8 in Air Magic
  4866 | D:7      | Found a blossoming altar of Fedhas.
  4876 | D:7      | Found a runed translucent gate.
  4956 | D:7      | Reached * piety under the Shining One
  4995 | D:6      | Noticed Duvessa
  4995 | D:6      | Noticed Dowan
  5025 | D:7      | Found a snail-covered altar of Cheibriados.
  5209 | D:6      | Reached skill level 9 in Air Magic
  5209 | D:6      | Reached XP level 8. HP: 24/41 MP: 7/16
  5446 | D:5      | Entered Level 5 of the Dungeon
  5487 | D:5      | Reached skill level 5 in Spellcasting
  5635 | D:5      | Reached skill level 10 in Air Magic
  6284 | D:4      | You pick up a book of Vapours and begin reading...
  6284 | D:4      | You add the spells Poisonous Vapours and Corpse Rot to your
                  | library.
  6288 | D:4      | Learned a level 2 spell: Poisonous Vapours
  6748 | D:4      | Found a shimmering blue altar of Sif Muna.
  6797 | D:5      | Reached skill level 1 in Poison Magic
  6934 | D:5      | Reached skill level 1 in Armour
  7066 | D:5      | Reached skill level 11 in Air Magic
  7189 | D:5      | Reached ** piety under the Shining One
  7198 | D:5      | Reached skill level 2 in Poison Magic
  7198 | D:5      | Reached XP level 9. HP: 45/45 MP: 1/18
  7742 | D:5      | Found a staircase to the Ecumenical Temple.
  7749 | D:5      | Noticed Ijyb
  7751 | D:5      | Killed Ijyb
  7841 | D:5      | You pick up a book of Transfigurations {@e2} and begin
                  | reading...
  7841 | D:5      | You add the spells Irradiate, Blade Hands and Dragon Form
                  | to your library.
  7862 | D:5      | Reached skill level 6 in Spellcasting
  8164 | D:6      | Found an ornate altar of the Wu Jian Council.
  8168 | D:6      | Reached skill level 12 in Air Magic
  8529 | D:6      | Reached skill level 3 in Stealth
  8578 | D:6      | Killed Dowan
  8616 | D:6      | HP: 9/45 [Duvessa/+0 rapier (8)]
  8618 | D:6      | Killed Duvessa
  8816 | D:6      | Reached skill level 3 in Dodging
  8981 | D:6      | Found a runed translucent gate.
  8981 | D:6      | Found a runed translucent gate.
  8981 | D:6      | Found a runed translucent gate.
  8996 | D:6      | Noticed mrw3rdna's ghost (novice OgFE)
  9031 | D:6      | Found Zunoim's One-of-a-Kind Rings.
  9035 | D:6      | Noticed Edmund
  9051 | D:6      | Killed Edmund
  9052 | D:6      | Reached skill level 7 in Spellcasting
  9260 | D:6      | Reached skill level 2 in Armour
  9279 | D:6      | Reached skill level 4 in Conjurations
  9415 | D:6      | Noticed Prince Ribbit
  9443 | D:6      | Killed Prince Ribbit
  9483 | D:6      | Reached XP level 10. HP: 51/51 MP: 3/22
 10212 | D:7      | Found a shadowy altar of Dithmenos.
 10216 | D:7      | Noticed Pikel
 10346 | D:7      | Found a runed translucent gate.
 10347 | D:7      | Found a runed translucent gate.
 10460 | D:7      | Killed Pikel
 10461 | D:7      | Reached skill level 8 in Spellcasting
 10461 | D:7      | Reached skill level 13 in Air Magic
 10648 | D:7      | You pick up a book of the Hunter and begin reading...
 10648 | D:7      | You add the spells Call Canine Familiar, Portal Projectile
                  | and Leda's Liquefaction to your library.
 10705 | D:7      | Found a stormy altar of Qazlal.
 10927 | D:7      | Found a runed translucent door.
 10928 | D:7      | Noticed Crazy Yiuf
 11476 | D:8      | Found a sand-covered staircase.
 11483 | Ossuary  | Entered an ossuary
 11622 | Ossuary  | Reached *** piety under the Shining One
 12020 | Ossuary  | Reached **** piety under the Shining One
 12128 | Ossuary  | Reached skill level 1 in Invocations
 12226 | Ossuary  | magus.rc [v1.9.6]
 12519 | D:9      | Reached skill level 5 in Conjurations
 12655 | D:8      | HP: 11/51 [/static electricity (3)]
 12656 | D:8      | Reached skill level 14 in Air Magic
 12984 | D:8      | Found a runed translucent door.
 12985 | D:8      | Found a shimmering altar of Xom.
 12985 | D:8      | Noticed terff's ghost (journeyman OpBr)
 12986 | D:8      | Noticed a +0 falchion of chaos
 13118 | D:8      | Reached skill level 2 in Invocations
 13248 | D:8      | Found a staircase to the Lair.
 13586 | D:9      | Reached skill level 1 in Fighting
 13586 | D:9      | Reached skill level 3 in Armour
 13721 | D:9      | Reached skill level 3 in Invocations
 13808 | D:9      | Reached skill level 4 in Dodging
 13943 | D:9      | Reached XP level 11. HP: 56/56 MP: 2/24
 14062 | D:9      | Reached ***** piety under the Shining One
 14081 | D:9      | Reached skill level 4 in Invocations
 14310 | D:9      | magus.rc [v1.9.6]
 14648 | D:9      | Found a radiant altar of Vehumet.
 14996 | D:9      | Reached skill level 4 in Armour
 15001 | D:9      | Reached skill level 5 in Invocations
 15133 | D:9      | Found a shimmering altar of Xom.
 15729 | D:9      | Found a staircase to the Orcish Mines.
 15735 | D:9      | Reached skill level 2 in Fighting
 16063 | D:9      | magus.rc [v1.9.6]
 16066 | D:10     | Entered Level 10 of the Dungeon
 16079 | D:10     | Reached skill level 5 in Dodging
 16283 | D:10     | Noticed a two-headed ogre
 16401 | D:10     | Killed a two-headed ogre
 16764 | D:10     | You pick up a book of the Senses and begin reading...
 16764 | D:10     | You add the spells Dazzling Flash, Agony and Silence to
                  | your library.
 16767 | D:10     | Noticed Fannar
 17150 | D:10     | HP: 11/57 [Fannar/bolt of cold (16)]
 17150 | D:10     | HP: 4/57 [ice beast[Fannar] (4)]
 17313 | D:10     | Killed Fannar
 17314 | D:10     | Reached skill level 4 in Stealth
 17693 | D:10     | Noticed a two-headed ogre
 17719 | D:10     | Killed a two-headed ogre
 17720 | D:10     | Reached skill level 1 in Polearms
 17720 | D:10     | Reached skill level 5 in Armour
 17720 | D:10     | Reached skill level 6 in Invocations
 18132 | D:10     | Found a sparkling altar of Nemelex Xobeh.
 18222 | D:10     | Found a sacrificial altar of Ru.
 18809 | D:11     | Found a white marble altar of Elyvilon.
 18827 | D:11     | Noticed a boulder beetle
 18834 | D:11     | Killed a boulder beetle
 18835 | D:11     | Reached skill level 1 in Shields
 19047 | D:11     | Reached skill level 2 in Polearms
 19131 | D:11     | Noticed Nergalle
 19197 | D:11     | Noticed a sixfirhy
 19198 | D:11     | Reached skill level 3 in Fighting
 19439 | D:11     | Found a large runed translucent door.
 19439 | D:11     | Found a large runed translucent door.
 19445 | D:11     | Noticed mortz's ghost (journeyman DECj)
 19584 | D:11     | You pick up a book of Geomancy and begin reading...
 19584 | D:11     | You add the spells Sandblast, Passwall and Stone Arrow to
                  | your library.
 19884 | Lair:1   | Entered Level 1 of the Lair of Beasts
 19942 | Lair:1   | Reached skill level 6 in Dodging
 19942 | Lair:1   | Reached XP level 12. HP: 44/64 MP: 4/25
 20280 | Lair:1   | Reached skill level 2 in Shields
 20563 | Lair:1   | Reached skill level 3 in Polearms
 20722 | Lair:1   | Reached skill level 6 in Armour
 21636 | Lair:2   | Found a runed translucent gate.
 21636 | Lair:2   | Found a runed translucent gate.
 21636 | Lair:2   | Found a runed translucent gate.
 21645 | Lair:2   | Reached skill level 7 in Invocations
 21725 | Lair:2   | Reached skill level 3 in Shields
 22017 | Lair:2   | Reached skill level 4 in Polearms
 22802 | Lair:2   | Noticed Pogiss's ghost (adept KoBr)
 23106 | Lair:3   | HP: 10/65 [dream sheep (22)]
 23437 | Lair:2   | HP: 15/66 [/static electricity (3)]
 23437 | Lair:2   | HP: 7/66 [wolf (2)]
 23782 | Lair:2   | Reached skill level 5 in Polearms
 23984 | Lair:2   | Reached skill level 4 in Shields
 24255 | Lair:3   | Reached skill level 7 in Dodging
 24511 | Lair:3   | Reached skill level 7 in Armour
 24550 | Lair:3   | Found a staircase to the Snake Pit.
 25160 | Lair:3   | Reached skill level 4 in Fighting
 25160 | Lair:3   | Reached skill level 5 in Stealth
 25379 | Lair:3   | Reached XP level 13. HP: 70/70 MP: 13/26
 25666 | Lair:3   | Reached skill level 5 in Shields
 25666 | Lair:3   | Reached skill level 8 in Invocations
 26149 | Lair:3   | Reached skill level 8 in Dodging
 26462 | Lair:3   | Noticed Rupert
 26501 | Lair:3   | Killed Rupert
 26502 | Lair:3   | Reached skill level 3 in Poison Magic
 26857 | Lair:4   | magus.rc [v1.9.6]
 27121 | Lair:4   | HP: 11/71 [molten gargoyle/bolt of magma (30)]
 27140 | Lair:3   | HP: 18/72 [/static electricity (4)]
 27858 | Lair:4   | Learned a level 2 spell: Passwall
 27916 | Lair:4   | You add the spells Freezing Cloud and Iron Shot to your
                  | library.
 27916 | Lair:4   | Got the Handbook of Flight and Confrontation
 27923 | Lair:4   | Learned a level 5 spell: Freezing Cloud
 28260 | Lair:4   | Found a staircase to the Swamp.
 28654 | Lair:4   | Reached skill level 6 in Shields
 28792 | Lair:4   | Reached skill level 1 in Ice Magic
 29040 | Lair:4   | magus.rc [v1.9.6]
 29242 | Lair:5   | Reached skill level 1 in Transmutations
 29530 | Lair:5   | Reached skill level 1 in Earth Magic
 29958 | Lair:5   | Reached skill level 4 in Poison Magic
 30125 | Lair:5   | Reached skill level 8 in Armour
 30240 | Lair:5   | Reached skill level 9 in Dodging
 31010 | Lair:5   | Noticed Kirke
 31076 | Lair:4   | Reached skill level 2 in Transmutations
 31078 | Lair:4   | Reached skill level 9 in Invocations
 31078 | Lair:4   | Reached XP level 14. HP: 65/76 MP: 5/27
 31629 | Lair:5   | Found a staircase to the Slime Pits.
 32417 | Lair:5   | Killed Kirke
 32418 | Lair:5   | Reached skill level 2 in Ice Magic
 32418 | Lair:5   | Reached skill level 2 in Earth Magic
 32569 | Lair:6   | Entered Level 6 of the Lair of Beasts
 33655 | Lair:5   | Identified a scroll of acquirement
 33655 | Lair:5   | Acquired 749 gold pieces
 34107 | Lair:6   | Reached skill level 1 in Unarmed Combat
 34452 | Lair:5   | Reached skill level 3 in Transmutations
 34588 | Lair:5   | Reached skill level 7 in Shields
 34902 | Lair:6   | Reached skill level 3 in Ice Magic
 35049 | Lair:6   | Reached skill level 5 in Poison Magic
 35897 | Lair:6   | Reached skill level 5 in Fighting
 36617 | Lair:6   | Reached skill level 6 in Polearms
 37795 | Lair:5   | Reached skill level 4 in Ice Magic
 38053 | D:6      | Bought the ring of the Insatiable Souls {rElec Will+ rCorr
                  | Int+3 SInv} for 651 gold pieces
 38132 | D:7      | Killed Arcturos's ghost
 38133 | D:7      | Reached skill level 10 in Dodging
 38539 | D:11     | Killed mortz's ghost
 38540 | D:11     | Reached skill level 6 in Poison Magic
 38709 | D:12     | Found a gate leading to a gauntlet.
 39192 | D:12     | Reached XP level 15. HP: 65/82 MP: 18/28
 40221 | Orc:1    | Entered Level 1 of the Orcish Mines
 40490 | Orc:1    | HP: 7/84 [ettin/+0 dire flail (19)]
 40491 | Orc:1    | Slain by an ettin

Vanquished Creatures
  Rupert (Lair:3)
  Kirke (Lair:5)
  Fannar (D:10)
  3 boulder beetles
  5 hydras
  A centaur warrior (D:12)
  3 catoblepae
  2 two-headed ogres (D:10)
  3 death yaks (Lair:4)
  The ghost of mortz the Thaumaturge, a journeyman DECj of Vehumet (D:11)
  The ghost of Arcturos the Skirmisher, a novice DrFi of Yredelemnul (D:7)
  Pikel (D:7)
  A wolf spider (Lair:5)
  A deep elf pyromancer (D:12)
  An orc knight (Orc:1)
  2 manticores
  9 elephants
  A guardian serpent (Lair:6)
  4 black mambas
  A gargoyle (D:11)
  A molten gargoyle (Lair:4)
  26 cane toads
  2 rime drakes (Lair:5)
  5 kobold demonologists
  An unseen horror (D:11)
  8 komodo dragons
  3 trolls
  4 polar bears
  20 dream sheep
  Prince Ribbit (D:6)
  2 hornets (Lair:6)
  19 blink frogs
  Sigmund (D:3)
  5 wraiths
  13 wyverns
  7 hogs
  4 basilisks
  29 yaks
  3 redbacks (Lair:6)
  Edmund (D:6)
  A steam dragon (D:9)
  2 nagas (Lair:3)
  An acid dragon (D:12)
  24 water moccasins
  Duvessa (D:6)
  9 orc warriors
  A sky beast (D:7)
  3 black bears
  4 necrophages
  4 ice beasts (D:7)
  3 centaurs
  21 wolves
  7 ogres
  4 lemures
  2 phantoms
  10 bullfrogs
  2 kobold brigands
  2 gnoll sergeants (D:10)
  3 scorpions
  2 wyvern zombies
  4 water moccasin zombies (Ossuary)
  Dowan (D:6)
  3 wights (D:9)
  4 howler monkeys
  2 electric eels (D:10)
  2 centaur zombies
  A wyvern simulacrum (D:7)
  A gnoll shaman (D:10)
  8 hounds
  3 jellies
  2 bullfrog zombies (D:5)
  9 orc priests
  A bullfrog skeleton (D:6)
  A centaur skeleton (D:5)
  An iguana (D:5)
  A scorpion zombie (D:5)
  Ijyb (D:5)
  11 orc wizards
  Terence (D:2)
  A bullfrog simulacrum (D:7)
  A hound zombie (D:5)
  2 hound skeletons
  A howler monkey zombie (D:8)
  2 mummies (Ossuary)
  23 gnolls
  12 adders
  A shadow imp (D:6)
  2 white imps
  A howler monkey simulacrum (D:7)
  4 adder zombies (Ossuary)
  2 worms
  4 dart slugs
  51 orcs
  5 ball pythons
  4 bats
  15 endoplasms
  6 giant cockroaches
  6 goblins
  3 hobgoblins (D:1)
  2 jackals
  16 kobolds
  6 quokkas
  5 frilled lizards
  3 gnoll zombies (Ossuary)
  6 hobgoblin zombies (Ossuary)
  4 kobold zombies (Ossuary)
  4 orc zombies (Ossuary)
  9 rats
562 creatures vanquished.

Vanquished Creatures (collateral kills)
  A cane toad (Lair:6)
  A hornet (Lair:6)
2 creatures vanquished.

Vanquished Creatures (others)
  65 fungi
  128 plants
193 creatures vanquished.

Grand Total: 757 creatures vanquished

Table legend:
 A = Non-vault XP
 B = Vault XP
 C = Vault XP percentage of total XP
 D = Non-vault monster count
 E = Vault monster count
 F = Vault count percentage of total count
                 A         B        C        D         E       F
            +---------+---------+-------+---------+---------+-------
      Total |   64228 |   26308 |  29.1 |     398 |     162 |  28.9
            +---------+---------+-------+---------+---------+-------
        D:1 |      36 |      21 |  36.8 |      20 |      11 |  35.5
        D:2 |     107 |      32 |  23.0 |      24 |       1 |   4.0
        D:3 |     107 |     231 |  68.3 |      17 |       3 |  15.0
        D:4 |     476 |      18 |   3.6 |      17 |       3 |  15.0
        D:5 |     999 |     540 |  35.1 |      13 |      11 |  45.8
        D:6 |    1300 |     655 |  33.5 |      27 |       4 |  12.9
        D:7 |     615 |    1925 |  75.8 |      17 |      10 |  37.0
        D:8 |    1066 |     420 |  28.3 |      10 |       4 |  28.6
        D:9 |    3669 |    1053 |  22.3 |      33 |      26 |  44.1
       D:10 |    2336 |    1113 |  32.3 |      24 |       2 |   7.7
       D:11 |    2505 |     792 |  24.0 |      11 |       1 |   8.3
       D:12 |    3793 |       0 |   0.0 |      16 |       0 |   0.0
     Lair:1 |    3058 |      88 |   2.8 |      18 |       1 |   5.3
     Lair:2 |    7064 |       0 |   0.0 |      31 |       0 |   0.0
     Lair:3 |    9168 |    2200 |  19.4 |      29 |       3 |   9.4
     Lair:4 |    6748 |     580 |   7.9 |      19 |       3 |  13.6
     Lair:5 |    8339 |    7615 |  47.7 |      21 |      19 |  47.5
     Lair:6 |   11462 |    8629 |  42.9 |      35 |      33 |  48.5
      Orc:1 |    1380 |       0 |   0.0 |      16 |       0 |   0.0
    Ossuary |       0 |     396 | 100.0 |       0 |      27 | 100.0
            +---------+---------+-------+---------+---------+-------

Illustrated notes

Table legend:
 A = Kills in this place as a percentage of kills in entire the game.
 B = Kills by you in this place as a percentage of kills by you in the entire game.
 C = Kills by friends in this place as a percentage of kills by friends in the entire game.
 D = Other kills in this place as a percentage of other kills in the entire game.
 E = Experience gained in this place as a percentage of experience gained in the entire game.
 F = Experience gained in this place divided by the number of levels of this place that you have seen.
                   A       B       C       D       E      F
               +-------+-------+-------+-------+-------+----------------------
         Total | 100.0 | 100.0 | 100.0 |   N/A | 100.0 | 4526.8
       Dungeon |  54.5 |  54.7 |   0.0 |   N/A |  26.3 | 1984.1
          Lair |  37.9 |  37.6 | 100.0 |   N/A |  71.7 | 10825.2
  Orcish Mines |   2.9 |   2.9 |   0.0 |   N/A |   1.5 | 1380.0
       Ossuary |   4.8 |   4.8 |   0.0 |   N/A |   0.4 | 396.0
               +-------+-------+-------+-------+-------+----------------------

Table legend: (Time is in decaauts)
 A = Elapsed time spent in this place.
 B = Non-inter-level travel time spent in this place.
 C = Inter-level travel time spent in this place.
 D = Time resting spent in this place.
 E = Time spent auto-exploring this place.
 F = Levels seen in this place.
 G = Mean time per level.
                   A        B        C        D        E       F      G
               +--------+--------+--------+--------+--------+-----+--------+
         Total |  39212 |  37929 |   1283 |  17389 |  14107 |  20 | 1960.6 |
       Dungeon |  20618 |  19763 |    855 |   7083 |   9963 |  12 | 1718.2 |
          Lair |  17560 |  17133 |    427 |   9558 |   4014 |   6 | 2926.7 |
  Orcish Mines |    159 |    159 |      0 |    103 |      3 |   1 |  159.0 |
       Ossuary |    873 |    873 |      0 |    645 |    125 |   1 |  873.0 |
               +--------+--------+--------+--------+--------+-----+--------+

Top non-repeatable levels by time:
  Lair:5: 4298 daAuts
  Lair:6: 3704 daAuts
  Lair:2: 2949 daAuts
     D:9: 2831 daAuts
  Lair:3: 2526 daAuts
  Lair:4: 2326 daAuts
    D:11: 2316 daAuts
     D:6: 2143 daAuts
     D:5: 2034 daAuts
     D:7: 1943 daAuts
    D:10: 1811 daAuts
  Lair:1: 1755 daAuts
     D:1: 1722 daAuts
     D:2: 1288 daAuts
     D:3: 1282 daAuts
